 Dungeon Crawl Stone Soup version 0.18.1-6-gd335043 (webtiles) character file.

168 kae the Poker (level 5, -5/49 HPs)
             Began as a Naga Fighter on May 19, 2016.
             Slain by a gnoll
             ... wielding a +0 flail
              (10 damage)
             ... on level 3 of the Dungeon.
             The game lasted 00:02:33 (1645 turns).

kae the Poker (Naga Fighter)                        Turns: 1645, Time: 00:02:34

Health: -5/49      AC:  5    Str: 23    XL:     5   Next: 49%
Magic:  5/5        EV:  5    Int:  9    God:
Gold:   163        SH:  9    Dex: 11    Spells: 0 memorised, 4 levels left

rFire  . . .     SeeInvis +     a - +0 trident
rCold  . . .     Gourm    .     b - +0 scale mail
rNeg   . . .     Faith    .     c - +0 shield
rPois  +         Spirit   .     (no helmet)
rElec  .         Dismiss  .     (no cloak)
rCorr  .         Reflect  .     (no gloves)
SustAt .         Harm     .     (no barding)
MR     .....                    (no amulet)
Stlth  ..........               (no ring)
                                (no ring)

@: mighty, very slow, not resistant to hostile enchantments, extremely
unstealthy
A: see invisible, deformed body, poison resistance, slowness 2, slow metabolism
1, spit poison 2, AC +1
a: Spit Poison


You were on level 3 of the Dungeon.
You were not hungry.

You visited 1 branch of the dungeon, and saw 3 of its levels.

You collected 163 gold pieces.

Inventory:

Hand Weapons
 a - a +0 trident (weapon)
Armour
 b - a +0 scale mail (worn)
 c - a +0 shield (worn)
Jewellery
 r - an uncursed amulet of guardian spirit {unknown}
Scrolls
 e - a scroll of teleportation {unknown}
 i - a scroll of magic mapping {unknown}
 j - 2 scrolls of enchant armour {unknown}
 l - 3 scrolls of identify {unknown}
 o - a scroll of noise {unknown}
 p - a scroll of random uselessness {unknown}
 q - a scroll of amnesia {unknown}
Potions
 g - a potion of flight {unknown}
 k - a potion of agility {unknown}
 n - a potion of heal wounds {unknown}
 s - a potion of magic {unknown}
Comestibles
 f - 3 bread rations
 h - a royal jelly
 m - 7 fruits


   Skills:
 - Level 3.0 Fighting
 + Level 5.5 Polearms
 - Level 2.4 Armour
 - Level 2.4 Shields


You had 4 spell levels left.
You didn't know any spells.

Dungeon Overview and Level Annotations

Branches:
Dungeon (3/15)

Altars:
Gozag


Innate Abilities, Weirdness & Mutations

You cannot wear boots.
Your serpentine skin is tough (AC +1).
You have supernaturally acute eyesight.
Armour fits poorly on your strangely shaped body.
Your system is resistant to poisons.
You cover ground very slowly.
You have a slow metabolism.
You can spit poison.


Message History

Unknown command.
Drink which item? (? for menu, Esc to quit)
You feel very mighty all of a sudden. You block the goblin's attack.
The gnoll hits you from afar with a halberd!
* * * LOW HITPOINT WARNING * * *
You barely miss the goblin. The goblin hits you with a club.
* * * LOW HITPOINT WARNING * * *
A gnoll comes into view.
You puncture the gnoll!
The gnoll is almost dead.
The gnoll hits you from afar with a halberd.
* * * LOW HITPOINT WARNING * * *
The gnoll barely misses you.
The gnoll moves out of view.
You block the goblin's attack.
You closely miss the gnoll.
The gnoll is almost dead.
You have got your breath back.
You block the gnoll's attack. The gnoll hits you with a flail!
You die...

.#.########
...........
.#.<###### ).#.#
..#.# . ..#.# ..
..#.. ######.###
..##. #..g...... ###
..# ##.@gg.#
#.########...####
#####.....#......#
............###.####
##....###...........
.................##
...#########....###
..### ###.....#
....##### #..[###.#


You could see 2 gnolls and a goblin.

Vanquished Creatures
  A giant frog (D:3)
  A gnoll (D:3)
  4 adders
  An ooze (D:2)
  A worm (D:2)
  2 dart slugs
  A giant gecko (D:3)
  A ball python (D:3)
  3 giant cockroaches
  7 hobgoblins
  5 kobolds
  5 bats
  A giant newt (D:2)
  10 goblins
  6 rats
49 creatures vanquished.

Notes
Turn   | Place    | Note
--------------------------------------------------------------
     0 | D:1      | kae the Naga Fighter began the quest for the Orb.
     0 | D:1      | Reached XP level 1. HP: 21/21 MP: 1/1
    73 | D:1      | Reached XP level 2. HP: 26/28 MP: 2/2
   117 | D:1      | Reached skill level 3 in Polearms
   463 | D:2      | Reached XP level 3. HP: 29/34 MP: 3/3
   697 | D:2      | Reached skill level 4 in Polearms
   770 | D:2      | Reached XP level 4. HP: 41/42 MP: 4/4
  1373 | D:3      | Found an opulent altar of Gozag.
  1375 | D:3      | Noticed a giant frog
  1386 | D:3      | Killed a giant frog
  1386 | D:3      | Reached skill level 5 in Polearms
  1386 | D:3      | Reached XP level 5. HP: 22/49 MP: 5/5
  1645 | D:3      | Slain by a gnoll

Skill      XL: |  1  2  3  4 |
---------------+-------------+-----
Polearms       | 3 4 5 |  5.5
Fighting       | |  3.0
Armour         | |  2.4
Shields        | |  2.4

Action                   |  1- 3 |  4- 6 || total
-------------------------+-------+-------++-------
Melee: Trident           |    94 |    84 ||   178
 Abil: Spit Poison       |       |     3 ||     3
  Use: Potion            |       |     1 ||     1
  Eat: Chunk             |       |     2 ||     2
Armor: Scale mail        |    43 |    15 ||    58
Dodge: Dodged            |    13 |    10 ||    23
Block: Shield            |    39 |    39 ||    78
